 Dungeon Crawl Stone Soup version 0.19.0-20-gbc5f0c6 (webtiles) character file.

18 Jazz0 the Magician (level 2, 0/15 HPs)
             Began as a Deep Elf Wizard on Nov 16, 2016.
             Succumbed to an adder's poison
             ... on level 2 of the Dungeon.
             The game lasted 00:20:25 (900 turns).

Jazz0 the Magician (Deep Elf Wizard)                 Turns: 900, Time: 00:20:26

Health: 0/15       AC:  5    Str:  4    XL:     2   Next: 48%
Magic:  1/9        EV: 13    Int: 22    God:
Gold:   58         SH:  0    Dex: 13    Spells: 4 memorised, 3 levels left

rFire  . . .     SeeInvis .     g - +0 short sword
rCold  . . .     Gourm    .     a - +0 robe
rNeg   . . .     Faith    .     (no shield)
rPois  .         Spirit   .     b - +0 hat
rElec  .         Reflect  .     s - +2 cloak
rCorr  .         Harm     .     (no gloves)
MR     .....                    (no boots)
Stlth  ++........               (no amulet)
                                (no ring)
                                (no ring)

@: lethally poisoned (0 -> -5), very slightly contaminated, hasted, very quick
A: no striking features
a: no special abilities


You were on level 2 of the Dungeon.
You were not hungry.

You visited 1 branch of the dungeon, and saw 2 of its levels.

You collected 58 gold pieces.

Inventory:

Hand Weapons
 g - a +0 short sword (weapon)
 j - a +0 club
 p - a +0 spear
 r - a cursed -2 club
Missiles
 f - 21 arrows
 h - 22 stones (quivered)
 i - 14 poisoned needles
 k - 29 bolts
 u - 14 sling bullets
Armour
 a - a +0 robe (worn)
 b - a +0 hat (worn)
 m - a +0 robe
 q - a +0 scale mail
 s - a +2 cloak (worn)
Jewellery
 w - an uncursed ring of positive energy {unknown}
Wands
 x - a wand of polymorph (7/24)
Potions
 l - a potion of magic {unknown}
 n - a potion of might {unknown}
 o - 2 potions of resistance {unknown}
Books
 c - a book of Minor Magic

   Spells                             Type                      Level
   a - Magic Dart                     Conjuration                  1
   b - Blink                          Translocation                2
   c - Call Imp                       Summoning                    2
   d - Repel Missiles                 Charms/Air                   2
   e - Slow                           Hexes                        2
   f - Conjure Flame                  Conjuration/Fire             3
   g - Mephitic Cloud                 Conjuration/Poison/Air       3
Comestibles
 d - a bread ration
 t - a meat ration
 v - 5 chunks of flesh


   Skills:
 * Level 1.0 Short Blades
 * Level 2.7 Dodging
 + Level 2.5 Stealth
 + Level 4.9 Spellcasting
 + Level 1.2 Conjurations
 + Level 1.1 Summonings
 + Level 1.1 Translocations


You had 3 spell levels left.
You knew the following spells:

 Your Spells              Type           Power        Failure   Level  Hunger
a - Magic Dart            Conj           ##..         10%         1    None
b - Call Imp              Summ           ##......     12%         2    None
c - Blink                 Tloc           N/A          12%         2    None
d - Repel Missiles        Chrm/Air       #.....       17%         2    None


Dungeon Overview and Level Annotations

Branches:
Dungeon (2/15)

Altars:


Message History

You feel sick. The adder closely misses you.
Your magical contamination has completely faded away.
Casting: Magic Dart
Confirm with . or Enter, or press ? or * to list all spells.
Aiming: Magic Dart
Press: ? - help, Shift-Dir - straight line, f/p - adder
Aim: an adder (moderately wounded)
You miscast Magic Dart.
You are very lightly contaminated with residual magic.
Nothing appears to happen.
The adder closely misses you. The adder bites you.
* * * LOW HITPOINT WARNING * * *
You drop a club.
* * * LOW HITPOINT WARNING * * *
You feel sick. The adder closely misses you.
It was a potion of haste.
You feel yourself speed up. The adder bites you.
* * * LOW HITPOINT WARNING * * *
* * * LOW HITPOINT WARNING * * *
You feel sick.
You die...

#.# #.....!...#.w#..
###†###
#.w5...##.#..#..
#.....#
###.##.##.......
#.#.#.###
#.##.......###
#)#...w.# #.#####w##.#
#.###.#S###.#####.##.#
#.....#.##........##.#
#######.##.##........#
#@##.##.##.#####
#.......##.#
####.#####.# #.#####.#
#.......# #########


You could see a worm and an adder.

Vanquished Creatures
  3 goblins
  A hobgoblin (D:1)
  4 jackals (D:2)
  A bat (D:1)
  2 frilled lizards
  3 kobolds (D:1)
  4 rats
18 creatures vanquished.

Notes
Turn   | Place    | Note
-------+----------+-------------------------------------------
     0 | D:1      | Jazz0 the Deep Elf Wizard began the quest for the Orb.
     0 | D:1      | Reached XP level 1. HP: 10/10 MP: 7/7
   521 | D:1      | Reached XP level 2. HP: 15/15 MP: 7/9
   526 | D:1      | Learned a level 2 spell: Call Imp
   529 | D:1      | Learned a level 2 spell: Blink
   535 | D:1      | Learned a level 2 spell: Repel Missiles
   835 | D:2      | Reached skill level 1 in Short Blades
   900 | D:2      | Succumbed to an adder's poison

Skill      XL: |  1  2 |
---------------+-------+-----
Short Blades   | 1 |  1.0
Dodging        | |  2.7
Stealth        | |  2.5
Spellcasting   | |  4.9
Conjurations   | |  1.2
Summonings     | |  1.1
Translocations | |  1.1

Action                   || total
-------------------------++-------
Melee: Club              ||     9
       Short sword       ||     5
 Cast: Magic Dart        ||    41
       Call Imp          ||     1
  Use: Potion            ||     1
  Eat: Fruit             ||     3
Armor: Scale mail        ||     6
       Robe              ||     5
Dodge: Dodged            ||    20
